 Dungeon Crawl Stone Soup version 0.25.1-2-g60ff931df9 (webtiles) character file.

Game seed: 6655143443063859098

832 DildoBatman the Conjurer (level 8, -3/52 HPs)
             Began as a Formicid Wizard on Aug 13, 2020.
             Was an Initiate of Kikubaaqudgha.
             Slain by an orc
             ... wielding a +0 hand axe
              (7 damage)
             ... on level 6 of the Dungeon.
             The game lasted 00:16:52 (5517 turns).

DildoBatman the Conjurer (Formicid Wizard)          Turns: 5517, Time: 00:16:52

Health: -3/52      AC: 10    Str: 13    XL:     8   Next: 18%
Magic:  10/12      EV: 10    Int: 19    God:    Kikubaaqudgha [......]
Gold:   251        SH:  0    Dex:  9    Spells: 6/13 levels left

rFire    . . .     SeeInvis +   a - +0 hunting sling
rCold    + + .     Gourm    .   (no shield)
rNeg     . . .     Faith    .   C - +2 ring mail {rC+}
rPois    .         Spirit   .   (helmet unavailable)
rElec    .         Reflect  .   D - +2 cloak
rCorr    .         Harm     .   (no gloves)
MR       .....                  (no boots)
Stlth    +.........             (no amulet)
HPRegen  0.17/turn              m - ring of protection from cold
MPRegen  0.13/turn              (no ring)

@: studying Throwing
A: permanent stasis, dig shafts and tunnels, four strong arms, antennae 3
a: Dig, Shaft Self, Renounce Religion


You were on level 6 of the Dungeon.
You worshipped Kikubaaqudgha.
Kikubaaqudgha was noncommittal.
You were very hungry.

You visited 2 branches of the dungeon, and saw 7 of its levels.

You collected 251 gold pieces.

Inventory:

Hand Weapons
 a - a +0 hunting sling (weapon)
 b - a +0 falchion
 l - a +4 mace
 E - a +1 mace of protection
Missiles
 g - 84 stones (quivered)
 p - 25 arrows
 s - 61 sling bullets
 u - 53 bolts
 y - 6 curare-tipped darts
 A - 5 poisoned darts
Armour
 C - a +2 ring mail of cold resistance (worn)
 D - a +2 cloak (worn)
Jewellery
 m - a ring of protection from cold (left hand)
Wands
 x - a wand of digging (3)
 B - a wand of random effects (46)
 I - a wand of iceblast (4)
Scrolls
 e - 5 scrolls of remove curse {unknown}
 h - a scroll of fog {unknown}
 i - a scroll of blinking {unknown}
 n - 4 scrolls of identify {unknown}
 q - 3 scrolls of amnesia {unknown}
 t - 2 scrolls of random uselessness {unknown}
 w - a scroll of noise {unknown}
 J - a scroll of teleportation {unknown}
 L - a scroll of fear {unknown}
Potions
 c - 3 potions of curing
 d - a potion of invisibility {unknown}
 f - 2 potions of stabbing {unknown}
 j - 2 potions of resistance {unknown}
 k - 3 potions of flight {unknown}
 o - a potion of haste {unknown}
 r - a potion of ambrosia {unknown}
 z - 2 potions of might {unknown}
 F - a potion of mutation {unknown}
 K - a potion of degeneration {unknown}
 M - a potion of berserk rage {unknown}
Books
 H - a manual of Throwing
Comestibles
 v - 8 rations


   Skills:
 - Level 1.7 Dodging
 - Level 2.4 Stealth
 - Level 3.2 Spellcasting
 * Level 5.9 Conjurations
   Level 1.0 Summonings
   Level 0.8 Translocations
 * Level 3.7 Fire Magic
 * Level 3.1 Air Magic


You had 6 spell levels left.
You knew the following spells:

 Your Spells              Type           Power        Failure   Level  Hunger
a - Conjure Flame         Conj/Fire      ###.....     13%         3    ###....
c - Magic Dart            Conj           ####         2%          1    None
e - Mephitic Cloud        Conj/Pois/Air  ##......     28%         3    ###....

Your spell library contained the following spells:

 Spells                   Type           Power        Failure   Level  Hunger
 Call Imp                 Summ           #.......     32%         2    ##.....
 Slow                     Hex            #.......     45%         2    ##.....
 Blink                    Tloc           Unusable     N/A         2    N/A

Dungeon Overview and Level Annotations

Branches:
Dungeon (6/15)             Temple (1/1) D:4

Altars:
Cheibriados
Dithmenos
Elyvilon
Fedhas
Gozag
Hepliaklqana
Kikubaaqudgha
Makhleb
Nemelex Xobeh
Okawaru
Ru
Sif Muna
Trog
Uskayaw
Vehumet
Wu Jian
Xom
Zin
The Shining One

Annotations:
D:6 Menkaure


Innate Abilities, Weirdness & Mutations

You cannot be hasted, slowed, berserked, paralysed or teleported.
You can dig through walls and to a lower floor.
Your four strong arms can wield two-handed weapons with a shield.
You have a pair of large antennae on your head. (SInv)


Message History

You hear a shout! x3
An orc comes into view. It is wielding a +0 flail.
An orc priest comes into view. It is wielding a +0 flail of draining.
The orc wizard casts a spell at you. The magic dart hits you.
An orc comes into view.
The orc shouts!
Your magical contamination has completely faded away.
The orc hits you with a +0 flail. What are your orders? t - Shout!
Orders for allies: a - Attack new target. r - Retreat! s - Stop attacking. g - Guard the area. f - Follow me.
Anything else - Cancel.
You shout for attention!
You hear a bark!
The orc hits you with a +0 hand axe!
You die...
Kikubaaqudgha rasps: "You have failed me!
Welcome... death!"

.# #.........>.o.
l# #.####.####.##
.# #o# .. .######
#.# .# ......#
#.####.# #.###.#.
#.{....# ......(.#
#{####.#
#####.######.####o#
........aoo@.#
##############


You could see a worker ant and 3 orcs.

Vanquished Creatures
  A black bear (D:6)
  3 ogres (D:4)
  A bullfrog (D:6)
  2 bullfrog zombies
  2 orc priests
  2 hounds
  Crazy Yiuf (D:3)
  Ijyb (D:3)
  Jessica (D:3)
  2 worker ants
  A howler monkey skeleton (D:4)
  12 adders
  An ooze (D:4)
  2 worms
  2 dart slugs
  5 leopard geckos
  8 orcs (D:3)
  7 giant cockroaches
  9 goblins
  2 hobgoblins (D:2)
  4 jackals (D:3)
  11 kobolds
  4 quokkas
  A ball python (D:2)
  6 bats
  3 frilled lizards
  A jackal skeleton (D:4)
  A quokka skeleton (D:4)
  8 rats
  2 butterflies (D:3)
106 creatures vanquished.

Notes
Turn   | Place    | Note
-------+----------+-------------------------------------------
     0 | D:1      | DildoBatman the Formicid Wizard began the quest for the
                  | Orb.
     0 | D:1      | Reached XP level 1. HP: 13/13 MP: 4/4
    48 | D:1      | Reached skill level 1 in Conjurations
   250 | D:1      | Reached XP level 2. HP: 19/19 MP: 4/6
   360 | D:1      | Reached skill level 2 in Conjurations
   840 | D:2      | Reached XP level 3. HP: 24/24 MP: 2/7
   845 | D:2      | Learned a level 3 spell: Conjure Flame
   849 | D:2      | Learned a level 3 spell: Mephitic Cloud
  1220 | D:2      | Reached skill level 3 in Conjurations
  1332 | D:2      | Reached XP level 4. HP: 26/30 MP: 2/8
  2028 | D:2      | Reached skill level 4 in Conjurations
  2028 | D:2      | Reached XP level 5. HP: 33/35 MP: 3/9
  2411 | D:3      | Noticed Jessica
  2670 | D:3      | Found a runed translucent door.
  2671 | D:3      | Noticed Crazy Yiuf
  2703 | D:3      | Reached XP level 6. HP: 40/41 MP: 6/10
  2725 | D:3      | Reached skill level 1 in Fire Magic
  2766 | D:3      | Reached skill level 1 in Air Magic
  2845 | D:3      | Found a shimmering altar of Xom.
  2988 | D:3      | Noticed Ijyb
  3407 | D:4      | Noticed an ogre
  3419 | D:4      | Killed an ogre
  3419 | D:4      | Reached skill level 5 in Conjurations
  3428 | D:4      | Reached XP level 7. HP: 34/46 MP: 3/11
  3500 | D:4      | Found a staircase to the Ecumenical Temple.
  3528 | Temple   | Entered the Ecumenical Temple
  3695 | Temple   | Became a worshipper of Kikubaaqudgha
  3873 | D:3      | Killed Ijyb
  4010 | D:3      | Killed Crazy Yiuf
  4186 | D:3      | Killed Jessica
  4350 | D:4      | Found a blossoming altar of Fedhas.
  4952 | D:4      | Found a shadowy altar of Dithmenos.
  5111 | D:5      | Entered Level 5 of the Dungeon
  5141 | D:5      | Reached XP level 8. HP: 47/52 MP: 8/12
  5388 | D:5      | You fall into a shaft and drop 1 floor!
  5388 | D:6      | Noticed Menkaure
  5433 | D:5      | Noticed a rust devil
  5433 | D:5      | Noticed a rust devil
  5464 | D:6      | HP: 2/52 [bullfrog (6)]
  5484 | D:6      | HP: 2/52 [jackal (2)]
  5517 | D:6      | Slain by an orc

Illustrated notes

Levels and vault maps discovered:
D:1:      denvon_arrival_planthouse, layout_basic, feat_on_display
D:2:      layout_loops_ring, first_ration
D:3:      layout_basic, xom_butterflies, uniq_crazy_yiuf_cottage, uniq_jessica,
          uniq_ijyb
D:4:      layout_cave_pools, kennysheep_mini, grunt_dithmenos_smoke,
          temple_pool_b, minmay_manual_monolith
D:5:      cheibrodos_iron_armory, layout_gridville
D:6:      layout_basic, nicolae_lava_and_water, uniq_menkaure
Temple:   eino_temple_rhombus

Skill      XL: |  1  2  3  4  5  6  7  8 |
---------------+-------------------------+-----
Conjurations   | 1 2 3 4 5 |  5.9
Fire Magic     | 2 3 |  3.7
Air Magic      | 1 2 3 |  3.1
Dodging        | |  1.7
Stealth        | |  2.4
Spellcasting   | |  3.2
Summonings     | |  1.0
Translocations | |  0.8

Action                   |  1- 3 |  4- 6 |  7- 9 || total
-------------------------+-------+-------+-------++-------
Melee: Unarmed           |     7 |       |       ||     7
       Club              |     3 |       |       ||     3
       Short sword       |     1 |    13 |       ||    14
       Falchion          |       |    25 |    47 ||    72
 Fire: Hunting sling     |    14 |    50 |    95 ||   159
Throw: Dart              |       |       |     1 ||     1
 Cast: Magic Dart        |    71 |    96 |    12 ||   179
       Conjure Flame     |       |     1 |     9 ||    10
       Mephitic Cloud    |       |     1 |    14 ||    15
 Abil: Dig               |     1 |     2 |     9 ||    12
 Stab: Confused          |       |       |     4 ||     4
  Eat: Chunk             |     1 |     6 |    10 ||    17
Armor: Robe              |    10 |     7 |     2 ||    19
       Ring mail         |       |       |    44 ||    44
Dodge: Dodged            |    25 |    60 |    64 ||   149
       Rpst.: Falchion   |       |     7 |    14 ||    21
